 Dungeon Sprint DCSS version 0.02-32-ge3bdf778cf (webtiles) character file.

Game seed: 1897801609338327740, levelgen mode: deterministic

18 pasperui the Twirler (level 2, -6/21 HPs) Lignifite Fighter. Began on Aug 29, 2020. Mangled by a wolf (10 damage) ... in the Dungeon (Sprint VII: "The Pits"). The game lasted 00:02:39 (172 turns).

pasperui the Twirler (Lignifite Fighter)             Turns: 172, Time: 00:02:40

Health: -6/21      AC:  1    Str: 26    XL:     2 ^: 15
Magic:  3/3        EV: 16    Int:  9    God:
Gold:   0          SH:  7    Dex:  7    Spells: 1/1 levels left

rFire    x . .     Vision   .   a - +0 morningstar
rCold    . . .     Gourm    .   c - +0 buckler
rNeg     . . .     Faith    .   b - +0 robe
rPois    +         Spirit   .   (helmet restricted)
rElec    .         Reflect  .   (no cloak)
rCorr    .         Harm     .   (gloves unavailable)
MR       .....     NoTele   +   (boots unavailable)
Stlth    +.........             (no amulet)
HPRegen  0.17/turn              (no ring)
MPRegen  0.13/turn              (no ring)

@: mighty, quick
A: very small, rF-, deformed body, speed 1, poison resistance, slow metabolism
1, torment resistance, plant, rot immunity
a: no special abilities


You were in the Dungeon.
You were not hungry.

You visited 1 branch

Inventory:

Weapons
 a - a +0 morningstar (weapon)
 m - a +2 mace
 r - a +0 flail of crushing Shields
 c - a +0 buckler (shield)
Armour
 b - a +0 robe (worn)
Scrolls
 k - a scroll of blinking
 o - a scroll of bless item
 p - 5 scrolls of amnesia
 q - a scroll of summoning
Potions
 e - 6 potions of curing
 g - 6 potions of heal wounds
 h - a potion of haste
 i - 4 potions of magic
 j - 3 potions of berserk rage
 n - 2 potions of invisibility
Comestibles
 f - 9 rations
 l - a chunk of flesh


   Skills:
 - Level 3.0 Fighting
 * Level 6.0 Maces & Staves
 - Level 2.6 Dodging
 - Level 3.0 Shields


You had one spell level left.
You didn't know any spells.
Your spell library was empty.

Dungeon Overview and Level Annotations

Branches:
Dungeon (1/1)

Altars:
Ashenzari
Cheibriados
Dithmenos
Elyvilon
Fedhas Madash
Gozag Ym Sagoz
Hepliaklqana
Kikubaaqudgha
Makhleb
Nemelex Xobeh
Okawaru
Qazlal
Ru
Sif Muna
Trog
Uskayaw
Vehumet
Wu Jian
Xom
Yredelemnul
Zin
The Shining One
Beogh
Jiyva
Lugonu


Innate Abilities, Weirdness & Mutations

Your woody flesh burns easily. (rF-)
A tangle of shorter branches protects your body from attack. (+1 SH)
You are very small and have problems with some larger weapons.
You are too small for most types of armour.
Armour fits poorly on your strangely shaped body.
You cover ground quickly.
Your system is resistant to poisons. (rPois)
You have a slow metabolism.
You are immune to unholy pain and torment.
You require very little carbon dioxide to survive.
You are immune to rotting.


Message History

Things that are here:
a gnoll corpse; a bat corpse
There is an open door here.
You open the door.
There is an open door here.
You open the door.
A wolf, an orc priest and an orc wizard come into view.
The wolf howls!
The orc priest shouts!
The orc wizard shouts!
You hear a shout!
An adder skeleton comes into view.
The orc wizard gestures at you while chanting.
The puff of flame hits you (10)! The fire burns you terribly!
A hobgoblin comes into view.
An orc comes into view.
A phantom comes into view.
The wolf closely misses you (0). The wolf closely misses you (0).
There is an open door here.
You feel very mighty all of a sudden. The wolf bites you (9)!
* * * LOW HITPOINT WARNING * * *
The wolf bites you (10)!
You die...

############
#_________.#
#_________.#
#_______...########
##########'##......
#.?}.')))'.##......
##########.##......
#.@........÷'......
#h#####'#####......
#.#...#.#..##......
#.#.†.#†#.)#####'##
#.#...).#))##......
#o##)####))##......
#.#.....#[[##......
#g#.....#'###...<..
#.#........##......


You could see a wolf, an orc wizard and a hobgoblin.

Vanquished Creatures
  A gnoll (D)
  2 bats (D)
  2 giant cockroaches (D)
  A hobgoblin (D)
  A quokka (D)
  A ball python zombie (D)
  A kobold (D)
9 creatures vanquished.

Notes
Turn   | Place    | Note
-------+----------+-------------------------------------------
     0 | D        | pasperui the Lignifite Fighter began the quest for the Orb.
     0 | D        | Reached XP level 1. HP: 14/14 MP: 2/2
    16 | D        | Reached skill level 3 in Maces & Staves
    45 | D        | Found a glowing golden altar of the Shining One.
    45 | D        | Found a glowing silver altar of Zin.
    45 | D        | Found a basalt altar of Yredelemnul.
    45 | D        | Found a shimmering altar of Xom.
    45 | D        | Found an ornate altar of the Wu Jian Council.
    45 | D        | Found a bloodstained altar of Trog.
    45 | D        | Found a shimmering blue altar of Sif Muna.
    45 | D        | Found a sacrificial altar of Ru.
    45 | D        | Found a stormy altar of Qazlal.
    45 | D        | Found an iron altar of Okawaru.
    45 | D        | Found a sparkling altar of Nemelex Xobeh.
    45 | D        | Found a burning altar of Makhleb.
    45 | D        | Found a viscous altar of Jiyva.
    45 | D        | Found a hazy altar of Hepliaklqana.
    45 | D        | Found an opulent altar of Gozag.
    45 | D        | Found a blossoming altar of Fedhas.
    45 | D        | Found a white marble altar of Elyvilon.
    45 | D        | Found a shadowy altar of Dithmenos.
    45 | D        | Found a snail-covered altar of Cheibriados.
    46 | D        | Found a radiant altar of Vehumet.
    46 | D        | Found a corrupted altar of Lugonu.
    46 | D        | Found a roughly hewn altar of Beogh.
    47 | D        | Found a hide-covered altar of Uskayaw.
    47 | D        | Found an ancient bone altar of Kikubaaqudgha.
    47 | D        | Found a shattered altar of Ashenzari.
    76 | D        | Reached skill level 5 in Maces & Staves
    76 | D        | Reached XP level 2. HP: 21/21 MP: 3/3
   104 | D        | Reached skill level 6 in Maces & Staves
   162 | D        | Noticed a wolf
   162 | D        | Noticed a phantom
   172 | D        | Mangled by a wolf

Levels and vault maps discovered:
D:        pitsprint [storerooms_1, entrance_room_1, metal_vault_4, armoury_1,
          mini_pit_1, grid_room_1, main_hall_1, silver_pit, the_coven_3,
          the_vestibule_1, steel_vault_1, golden_pit, hallway_of_sentries,
          crystal_vault_2, iron_vault_4, final_vault]

Skill      XL: |  1  2 |
---------------+-------+-----
Maces & Staves | 5 6 |  6.0
Fighting       | |  3.0
Dodging        | |  2.6
Shields        | |  3.0

Action                   || total
-------------------------++-------
Melee: Morningstar       ||    38
  Use: Potion            ||     1
Armor: Robe              ||     1
Dodge: Dodged            ||    30
Block: Buckler           ||    20
